cohdb
Replays
Latest Replays
All Replays
Popular Replays
Top Player Replays
Match Explorer
How It Works
Community
CoH3 Stats
Reddit
Sign in to upload your games and track your stats! →
Sign in with Steam
Match 43397886
Unlisted
Match 43397886
Overview
Messages
Build Orders
End
Vickers Machine Gun Team
Construct Section Command Post
Infantry Section
Infantry Section
Selects Canadian Shock Battlegroup
Selects Attacking Spirit
Selects Canadian Shock Section
Canadian Shock Section
Construct Platoon Command Post
CMP 15cwt Truck
Selects Burnout
Construct Company Command Post
Burnout
Foot Guards Section
Burnout
Matilda II Heavy Tank
Selects Pyrotechnics
Selects Demolition Engineering
Foot Guards Section
Infantry Training
Foot Guards Section
Burnout
Burnout
Selects Point Assault
Burnout
Matilda II Heavy Tank
Burnout
Royal Engineer Section
Burnout
Burnout
Matilda II Heavy Tank
Burnout
6-pounder Anti-tank Gun Team
Unlock M3 Grant Medium Tanks
Burnout
M3 Grant Medium Tank
Burnout
Burnout
M3 Grant Medium Tank
Royal Engineer Section
Burnout
Burnout
Burnout
M3 Grant Medium Tank
Burnout
6-pounder Anti-tank Gun Team
Burnout
Burnout
M3 Grant Medium Tank
ßoo
Witchdoctor21
Benelli-M4
SneakAttackMike
O.G. Squeekz
Naseem-GhostTiger
Sniper66
ScreamingTiger
0
0
Comments
sign in to comment!
No comments posted yet!